 Dungeon Crawl Stone Soup version 0.23-a0-344-ge122d05652 (webtiles) character file.

1021854 Napalmbreeze the Archmage (level 27, -7/170 (180) HPs)
             Began as a Deep Elf Fire Elementalist on Oct 18, 2018.
             Was the Champion of Vehumet.
             Killed from afar by Cerebov (47 damage)
             ... with an iron shot
             ... in Pandemonium on Oct 19, 2018.
             The game lasted 10:32:16 (122599 turns).

Napalmbreeze the Archmage (DEFE)                  Turns: 122599, Time: 10:32:16

HP:   -7/170 (180)  AC: 24    Str: 14      XL:     27
MP:   10/65         EV: 18    Int: 40 (41) God:    Vehumet [******]
Gold: 7632          SH: 13    Dex: 10      Spells: 5/80 levels left

rFire    + + .     SeeInvis .   a - staff of energy
rCold    + + +     Gourm    .   d - +1 buckler {rN+}
rNeg     + + +     Faith    .   O - +7 faerie dragon scales {rC++ MR- rCorr Str+6}
rPois    +         Spirit   .   H - +0 hat of Good Intentions {rF+}
rElec    +         Reflect  +   q - +2 cloak {rPois}
rCorr    +         Harm     .   I - +1 pair of gloves of the Mind {rCorr Str+5 Dex-3}
MR       ++...                  o - +1 pair of boots of Anaesthesia {*Drain +Blink rC++ MP+9}
Stlth    +++.......             l - amulet "Ciboahan" {Reflect rElec rN+ MR+ SH+4 Stlth+}
HPRegen  0.38/turn              F - ring of Votec {rCorr rN+ Int+3}
MPRegen  0.39/turn              p - ring "Afewya" {rF+ Int+4}

@: about to teleport, very slightly contaminated
A: claws 1, large bone plates 1, blink, clumsy 1, deterioration 1, weak 1
}: 7/15 runes: decaying, serpentine, slimy, silver, obsidian, icy, bone
a: Blink, Renounce Religion, Evoke Blink


You were in Pandemonium.
You worshipped Vehumet.
Vehumet was exalted by your worship.
You were not hungry.

You visited 18 branches of the dungeon, and saw 82 of its levels.
You visited Pandemonium 1 time, and saw 2 of its levels.
You visited the Abyss 2 times.
You visited 1 bazaar.
You also visited: Labyrinth, Trove, Bailey, Ice Cave and Wizlab.

You collected 10475 gold pieces.
You spent 2843 gold pieces at shops.

Inventory:

Hand Weapons
 x - the +7 sceptre of Asmodeus
   (You took it off Asmodeus on level 7 of Gehenna)
Armour
 d - a +1 buckler of positive energy (worn)
 o - the +1 pair of boots of Anaesthesia (worn) {*Drain +Blink rC++ MP+9}
   (You found it on level 4 of the Depths)

   It greatly protects you from cold.
   It affects your magic capacity (+9).
   It lets you blink.
   It causes draining when unequipped.
 q - a +2 cloak of poison resistance (worn)
 H - the +0 hat of Good Intentions (worn) {rF+}
   (You found it in a wizard's laboratory)

   It protects you from fire.
 I - the +1 pair of gloves of the Mind (worn) {rCorr Str+5 Dex-3}
   (You found it on level 3 of the Elven Halls)

   It affects your strength (+5).
   It affects your dexterity (-3).
   It provides partial protection from all sources of acid and corrosion.
 O - the +7 faerie dragon scales (worn) {rC++ MR- rCorr Str+6}
   (You took it off the Enchantress on level 5 of the Depths)

   It affects your strength (+6).
   It greatly protects you from cold.
   It affects your resistance to hostile enchantments.
   It provides partial protection from all sources of acid and corrosion.
 P - the +4 robe of Augmentation {Str+4 Int+4 Dex+4}
   (You found it on level 9 of the Dungeon)

   It affects your strength (+4).
   It affects your intelligence (+4).
   It affects your dexterity (+4).
Magical Staves
 a - an uncursed staff of energy (weapon)
 Y - an uncursed staff of conjuration
Jewellery
 l - the amulet "Ciboahan" (around neck) {Reflect rElec rN+ MR+ SH+4 Stlth+}
   (You bought it in a shop on level 2 of the Depths)

   [amulet of reflection]

   It shields you and reflects attacks.
   It insulates you from electricity.
   It protects you from negative energy.
   It affects your resistance to hostile enchantments.
   It affects your SH (+4).
   It makes you more stealthy.
 p - the ring "Afewya" (right hand) {rF+ Int+4}
   (You took it off a big kobold on level 9 of the Dungeon)

   [ring of intelligence]

   It affects your intelligence (+4).
   It protects you from fire.
 C - an uncursed ring of see invisible
 D - the ring "Naeclin" {*Corrode rC+ MP+9 Str+4 Dex+3}
   (You found it on level 3 of the Swamp)

   [ring of magical power]

   It affects your strength (+4).
   It affects your dexterity (+3).
   It protects you from cold.
   It affects your magic capacity (+9).
   It may corrode you when you take damage.
 F - the ring of Votec (left hand) {rCorr rN+ Int+3}
   (You took it off a red devil on level 6 of the Lair of Beasts)

   [ring of resist corrosion]

   It affects your intelligence (+3).
   It protects you from negative energy.
 Q - the amulet of the Four Winds {rN+ MR+++ Clar}
   (You took it off a skeletal warrior on level 7 of Tartarus)

   [amulet of nothing]

   It protects you from negative energy.
   It affects your resistance to hostile enchantments.
   It protects you against confusion.
 V - an uncursed ring of protection from magic
Wands
 s - a wand of acid (8)
 A - a wand of scattershot (8)
 B - a wand of random effects (150)
 G - a wand of iceblast (2)
 J - a wand of polymorph (77)
 M - a wand of digging (65)
 S - a wand of flame (38)
 Z - a wand of clouds (11)
Scrolls
 b - 11 scrolls of enchant armour
 e - 28 scrolls of remove curse
 i - 16 scrolls of fog
 j - 15 scrolls of enchant weapon
 k - 21 scrolls of identify
 r - 3 scrolls of holy word
 t - a scroll of brand weapon
 w - 24 scrolls of teleportation
 y - 7 scrolls of amnesia
 K - 7 scrolls of immolation
 L - 3 scrolls of magic mapping
 T - 3 scrolls of silence
 U - 6 scrolls of fear
Potions
 f - 13 potions of brilliance
 g - 7 potions of haste
 h - 7 potions of curing
 m - 4 potions of flight
 n - 10 potions of agility
 z - 4 potions of invisibility
 E - 7 potions of mutation
 N - a potion of magic
 R - 10 potions of cancellation
Comestibles
 c - 24 rations


   Skills:
 + Level 20.7 Fighting
 + Level 11.8 Armour
 - Level 14.0 Dodging
 - Level 2.4 Stealth
 - Level 4.0 Shields
 O Level 27 Spellcasting
 - Level 24.0 Conjurations
 - Level 8.0 Charms
   Level 5.0 Summonings
 + Level 17.7 Translocations
 - Level 24.0 Fire Magic
 - Level 18.0 Ice Magic
 + Level 21.0 Air Magic
 - Level 21.1 Earth Magic
 - Level 18.0 Evocations


You had 5 spell levels left.
You knew the following spells:

 Your Spells              Type           Power        Failure   Level  Hunger
a - Lehudib's Crystal Sp  Conj/Erth      ########..   1%          8    None
b - Controlled Blink      Tloc           N/A          1%          8    None
c - Tornado               Air            ########..   2%          9    None
d - Regeneration          Chrm/Necr      ######....   1%          3    None
e - Fireball              Conj/Fire      ########..   0%          5    None
f - Sticky Flame          Conj/Fire      ########     0%          4    None
g - Shatter               Erth           ########..   1%          9    None
q - Airstrike             Air            ########..   0%          4    None
t - Orb of Destruction    Conj           ########..   0%          7    None
v - Fire Storm            Conj/Fire      ########..   1%          9    None
x - Glaciate              Conj/Ice       ########..   2%          9    None

Your spell library contained the following spells:

 Spells                   Type           Power        Failure   Level  Hunger
 Apportation              Tloc           ######       0%          1    None
 Flame Tongue             Conj/Fire      #####        0%          1    None
 Freeze                   Ice            ####         0%          1    None
 Infusion                 Chrm           ####         0%          1    None
 Magic Dart               Conj           ####         0%          1    None
 Sandblast                Erth           ######       0%          1    None
 Shock                    Conj/Air       ####         0%          1    None
 Sting                    Conj/Pois      ####         0%          1    None
 Blink                    Tloc           N/A          0%          2    None
 Ensorcelled Hibernation  Hex/Ice        ######       0%          2    None
 Passwall                 Tmut/Erth      #######.     0%          2    None
 Poisonous Vapours        Pois/Air       ######       0%          2    None
 Searing Ray              Conj           ######       0%          2    None
 Shroud of Golubria       Chrm/Tloc      ########..   0%          2    None
 Swiftness                Chrm/Air       ########     0%          2    None
 Throw Flame              Conj/Fire      ######       0%          2    None
 Throw Frost              Conj/Ice       ######       0%          2    None
 Conjure Flame            Conj/Fire      ########     0%          3    None
 Dazzling Spray           Conj/Hex       ######       0%          3    None
 Gell's Gravitas          Tloc           ########..   0%          3    None
 Inner Flame              Hex/Fire       ########     0%          3    None
 Lesser Beckoning         Tloc           ########..   0%          3    None
 Mephitic Cloud           Conj/Pois/Air  ########     0%          3    None
 Ozocubu's Armour         Chrm/Ice       ########     0%          3    None
 Recall                   Summ/Tloc      N/A          0%          3    None
 Static Discharge         Conj/Air       ########     0%          3    None
 Stone Arrow              Conj/Erth      ######       0%          3    None
 Teleport Other           Tloc           ########     0%          3    None
 Force Lance              Conj/Tloc      ########     0%          4    None
 Iskenderun's Mystic Bla  Conj           ########     0%          4    None
 Passage of Golubria      Tloc           N/A          0%          4    None
 Throw Icicle             Conj/Ice       ########     0%          4    None
 Bolt of Magma            Conj/Fire/Erth ########..   0%          5    None
 Iskenderun's Battlesphe  Conj/Chrm      ########     0%          5    None
 Lee's Rapid Deconstruct  Erth           ########..   0%          5    None
 Lightning Bolt           Conj/Air       ########..   0%          5    None
 Animate Skeleton         Necr           N/A          1%          1    None
 Beastly Appendage        Tmut           ######       1%          1    None
 Confusing Touch          Hex            ######       1%          1    None
 Corona                   Hex            ######.      1%          1    None
 Summon Butterflies       Summ           #######.     1%          1    None
 Summon Small Mammal      Summ           ####         1%          1    None
 Call Imp                 Summ           #######.     1%          2    None
 Corpse Rot               Necr           N/A          1%          2    None
 Song of Slaying          Chrm           #######.     1%          2    None
 Sticks to Snakes         Tmut           ######..     1%          2    None
 Call Canine Familiar     Summ           #######.     1%          3    None
 Confuse                  Hex            ######..     1%          3    None
 Ignite Poison            Fire/Tmut/Pois #######.     1%          3    None
 Portal Projectile        Hex/Tloc       ######       1%          3    None
 Spectral Weapon          Hex/Chrm       ######..     1%          3    None
 Spider Form              Tmut/Pois      ######....   1%          3    None
 Summon Guardian Golem    Hex/Summ       ######..     1%          3    None
 Tukima's Dance           Hex            ######..     1%          3    None
 Vampiric Draining        Necr           ######....   1%          3    None
 Fulminant Prism          Conj/Hex       ########..   1%          4    None
 Ice Form                 Ice/Tmut       #######.     1%          4    None
 Leda's Liquefaction      Hex/Erth       #######...   1%          4    None
 Olgreb's Toxic Radiance  Pois           ######..     1%          4    None
 Petrify                  Tmut/Erth      #######.     1%          4    None
 Summon Ice Beast         Ice/Summ       #######.     1%          4    None
 Summon Lightning Spire   Summ/Air       ########     1%          4    None
 Borgnjor's Vile Clutch   Necr/Erth      #######...   1%          5    None
 Irradiate                Conj/Tmut      ########..   1%          5    None
 Metabolic Englaciation   Hex/Ice        #######...   1%          5    None
 Silence                  Hex/Air        #######...   1%          5    None
 Summon Forest            Summ/Tloc      #######...   1%          5    None
 Venom Bolt               Conj/Pois      ########..   1%          5    None
 Yara's Violent Unravell  Hex/Tmut       ######....   3%          5    None
 Animate Dead             Necr           N/A          4%          4    None
 Cause Fear               Hex            ######....   4%          4    None
 Alistair's Intoxication  Tmut/Pois      ######..     11%         5    None
 Blade Hands              Tmut           ######....   11%         5    None
 Bolt of Fire             Conj/Fire      ########..   0%          6    None
 Conjure Ball Lightning   Conj/Air       ########..   0%          6    None
 Freezing Cloud           Conj/Ice/Air   ########..   0%          6    None
 Iron Shot                Conj/Erth      ########..   0%          6    None
 Deflect Missiles         Chrm/Air       ########..   1%          6    None
 Dispersal                Tloc           ########..   1%          6    None
 Ozocubu's Refrigeration  Ice            ########..   1%          6    None
 Poison Arrow             Conj/Pois      ########..   1%          6    None
 Simulacrum               Ice/Necr       #######...   1%          6    None
 Statue Form              Tmut/Erth      #######..    1%          6    None
 Ring of Flames           Chrm/Fire      ########..   1%          7    None
 Spellforged Servitor     Conj/Summ      ########..   1%          7    None
 Chain Lightning          Conj/Air       ########..   1%          8    None
 Disjunction              Tloc           ########..   1%          8    None
 Ignition                 Fire           ########..   1%          8    None
 Malign Gateway           Summ/Tloc      #######...   3%          7    None
 Monstrous Menagerie      Summ           #######...   41%         7    None
 Summon Greater Demon     Summ           #######...   41%         7    None
 Summon Hydra             Summ           #######...   41%         7    None
 Darkness                 Hex            ######....   52%         6    None
 Death Channel            Necr           ######....   52%         6    None
 Hydra Form               Tmut           ######....   52%         6    None
 Invisibility             Hex            ######..     52%         6    None
 Dragon Form              Tmut           ######....   98%         7    None
 Summon Horrible Things   Summ           #######...   98%         8    None
 Discord                  Hex            ######....   100%        8    None
 Dragon's Call            Summ           #######...   100%        9    None


Dungeon Overview and Level Annotations

Branches:
Dungeon (15/15)            Temple (1/1) D:6            Lair (6/6) D:8
  Swamp (4/4) Lair:4        Snake (4/4) Lair:3        Slime (5/5) Lair:5
    Orc (2/2) D:10            Elf (3/3) Orc:2        Vaults (5/5) D:13
  Crypt (3/3) Vaults:3       Tomb (1/3) Crypt:3      Depths (5/5) D:15
   Hell (1/1)                 Dis (1/7) Hell            Geh (7/7) Hell
    Coc (7/7) Hell            Tar (7/7) Hell            Zot (5/5) Depths:5

Altars:
Ashenzari
Cheibriados
Dithmenos
Elyvilon
Fedhas
Gozag
Hepliaklqana
Kikubaaqudgha
Makhleb
Nemelex Xobeh
Okawaru
Qazlal
Ru
Sif Muna
Trog
Uskayaw
Vehumet
Wu Jian
Xom
Yredelemnul
Zin
The Shining One

Shops:
D:13 *   D:15 :   Orc:2 *!(?[   Elf:2 *   Elf:3 (   Vaults:1 *   Vaults:3 *[
Vaults:5 =   Depths:1 (   Depths:2 =

Portals:
Hell: Lair:6 Depths:1 Depths:2 Depths:3 Depths:4 Depths:5
Abyss: Depths:2 Depths:4
Pandemonium: Depths:3 Depths:5
Ziggurat: Depths:4

Annotations:
Pan Cerebov


Innate Abilities, Weirdness & Mutations

You have sharp fingernails.
You are partially covered in large bone plates. (SH +4)
You can translocate small distances at will.
You are clumsy. (Dex -2)
Your body sometimes deteriorates upon taking damage.
You are weak. (Str -2)


Message History

Cerebov seems to speed up.
There is an open door here.
There is an open door here.
As you read the scroll of teleportation, it crumbles to dust.
You feel strangely unstable. Cerebov gestures at you.
The iron shot reflects off an invisible shield around you!
The iron shot hits Cerebov.
Your surroundings suddenly seem different.
There is an open door here.
Casting: Glaciate (slightly dangerous; 2% risk of failure)
Confirm with . or Enter, or press ? or * to list all spells.
You don't know that spell.
Cerebov gestures.
As you read the scroll of teleportation, it crumbles to dust.
You feel strangely unstable.
Cerebov gestures.
Cerebov gestures at you. The iron shot hits you!
You die...

.#..........####'####.....#......
.'........###.......#....∩'......
.#§.....###.#...1...#.....#.....(
.#....#'#...#.......#.....#......
.#..###.....'.......'.....#......
#####.......#.......#.....##'####
.)..#.......#.......#...#'#..#...
..#.#.......#.....?.#...#...)##..
.#######'#######@########.....'..
## #.#......#.......#...#.....##.
# ##.##.....##.....##...'......#.
##(..#.....&'.....'....#....####
##....##....2##...##....#..#'#...
#......'......#...#.....####.....
.......##...88##.##.....##.......
..#.....#......#.#.......'.......
.##.....####'#############.......


You could see Cerebov, an Ice Fiend and a tormentor.

Vanquished Creatures
  Antaeus (Coc:7)
  Asmodeus (Geh:7)
  the Royal Jelly (Slime:5)
  Ereshkigal (Tar:7)
  the Serpent of Hell (Tar:7)
  3 orbs of fire
  Mennas (Depths:5)
  5 ancient liches
  A juggernaut (Depths:4)
  4 greater mummies (Tomb:1)
  10 shard shrikes
  Margery (Vaults:3)
  2 caustic shrikes (Depths:3)
  4 Killer Klowns
  Geryon (Hell)
  Xtahua (Depths:4)
  4 curse toes
  Nikola (Elf:1)
  A pandemonium lord (Pan)
  9 golden dragons
  Jory (Tomb:1)
  the Enchantress (Depths:5)
  16 Brimstone Fiends
  23 Tzitzimimeh
  8 doom hounds
  11 bone dragons
  4 electric golems
  14 tentacled monstrosities
  A Hell Sentinel (Pan)
  24 Orb Guardians (Zot:5)
  The ghost of Jihew the Brawler, an adept TrCK of Xom (Elf:1)
  18 Ice Fiends
  A moon troll (WizLab)
  6 quicksilver dragons
  Asterion (Depths:2)
  24 liches
  3 deep elf blademasters
  2 deep elf master archers (Elf:3)
  2 eldritch tentacles
  Gastronok (Orc:1)
  2 ancient champions (Tomb:1)
  3 titans (Vaults:5)
  23 acid blobs
  4 death cobs
  9 tentacled starspawn (WizLab)
  2 Executioners (Pan)
  Kirke (Snake:3)
  11 sphinxes
  33 shadow dragons
  7 tengu reavers
  3 revenants
  6 thorn hunters
  6 nagarajas
  Agnes (D:15)
  28 azure jellies
  14 storm dragons
  8 draconian monks
  11 deep elf sorcerers
  8 frost giants
  4 draconian knights
  5 draconian scorchers
  16 fire giants
  15 vault wardens
  2 warmongers (Pan)
  2 iron dragons
  3 cacodemons
  25 balrugs
  3 ghost moths
  An emperor scorpion (D:15)
  6 draconian shifters
  6 draconian annihilators
  2 deep elf elementalists (Elf:3)
  5 elemental wellsprings
  3 curse skulls
  22 stone giants
  4 draconian stormcallers
  A blood saint (Pan)
  5 spriggan defenders
  44 reapers
  6 war gargoyles
  11 vampire knights
  3 corrupters (Pan)
  19 ironheart preservers
  18 very ugly things
  11 green draconians
  2 bennus (Tomb:1)
  6 deep elf demonologists
  15 yellow draconians
  An entropy weaver (Vaults:4)
  A dire elephant (D:15)
  A black sun (Pan)
  5 white draconians
  7 black draconians
  11 purple draconians
  5 deep elf annihilators (Elf:3)
  7 red draconians
  2 lorocyprocas
  A minotaur (Lab)
  4 spark wasps
  Azrael (Snake:1)
  4 crystal guardians
  5 death oozes (Slime:5)
  Josephine (D:10)
  An eidolon (Crypt:2)
  10 mummy priests (Tomb:1)
  12 deep elf death magi
  7 ettins
  A merfolk impaler (Depths:2)
  5 quicksilver dragon zombies
  9 green deaths
  15 blizzard demons
  13 yaktaur captains
  11 deep elf high priests
  8 jiangshi
  12 fire dragons
  21 ice dragons
  24 vault guards
  Harold (Lair:1)
  17 great orbs of eyes
  18 naga warriors
  4 rakshasas
  6 monstrous demonspawn (Pan)
  15 hydras
  9 spriggan air magi
  10 centaur warriors
  6 quicksilver dragon skeletons
  7 anacondas
  A catoblepas (Lair:2)
  33 two-headed ogres
  3 shambling mangroves
  22 dancing weapons
  Erica (D:10)
  4 death knights
  A ghost crab (Tar:7)
  A two-headed ogre (shapeshifter) (Vaults:5)
  11 alligators
  A queen ant (shapeshifter) (Vaults:5)
  14 deep troll shamans
  5 tengu warriors
  14 hell hogs
  23 naga sharpshooters
  6 spriggan berserkers
  6 holy swine (Pan)
  Urug (Lair:1)
  10 deep troll earth magi
  37 sun demons
  11 ogre magi
  8 vampire magi
  7 shock serpents
  24 soul eaters
  6 titan zombies
  2 iron golems
  35 deep elf knights
  Nergalle (Orc:1)
  6 storm dragon zombies
  Sonja (Lair:2)
  4 sixfirhies
  5 iron trolls
  A salamander mystic (Snake:3)
  10 titan skeletons
  117 skeletal warriors
  14 anaconda zombies
  3 infernal demonspawn (Pan)
  3 naga ritualists
  A quicksilver dragon simulacrum (Crypt:2)
  13 shadow wraiths (Tar:7)
  6 unseen horrors
  2 ghost moth zombies
  10 glowing orange brains
  3 spriggan druids
  14 deep elf archers
  4 storm dragon skeletons
  3 golden dragon zombies
  70 hell knights
  15 swamp dragons
  A death drake (Tar:1)
  A gelid demonspawn (Pan)
  19 shadow demons
  42 deep trolls
  8 golden dragon skeletons
  20 flayed ghosts
  14 anaconda skeletons
  2 torturous demonspawn (Pan)
  3 shadow dragon zombies
  2 kraken simulacra
  An orange crystal statue (WizLab)
  5 wizards
  16 phantasmal warriors
  14 ironbrand convokers
  38 necromancers
  5 wolf spider zombies
  3 harpies (Vaults:5)
  63 deep elf magi
  A lindwurm (shapeshifter) (D:13)
  A sphinx zombie (Crypt:2)
  15 orc knights
  A mana viper (shapeshifter) (Depths:2)
  2 tengu zombies
  5 mana vipers
  3 orc sorcerers
  An orb spider (shapeshifter) (Depths:3)
  A salamander (shapeshifter) (Depths:1)
  6 shining eyes
  5 stone giant zombies
  3 wolf spiders
  5 fire giant zombies
  6 iron dragon zombies
  45 ugly things
  10 shadow dragon skeletons
  2 manticores
  5 frost giant zombies
  5 salamanders
  4 oklob plants
  7 cyclopes
  14 vault sentinels
  18 moths of wrath
  Joseph (D:9)
  5 elephants
  8 fire giant skeletons
  2 ice statues
  5 dire elephant zombies
  10 iron dragon skeletons
  Maurice (D:11)
  3 shock serpent zombies
  25 black mambas
  A water nymph (shapeshifter) (Vaults:5)
  6 rust devils
  7 frost giant skeletons
  A black mamba (shapeshifter) (Vaults:2)
  11 eyes of devastation
  2 guardian serpents
  9 orange demons
  21 naga magi
  6 stone giant skeletons
  18 smoke demons
  2 yaktaur zombies
  8 molten gargoyles
  11 dire elephant skeletons
  20 spiny frogs
  3 gargoyles
  2 shock serpent skeletons
  Psyche (D:10)
  A green draconian zombie (Crypt:1)
  A komodo dragon (shapeshifter) (Vaults:5)
  53 yaktaurs
  A storm dragon simulacrum (Crypt:2)
  26 tormentors
  A minotaur zombie (Crypt:1)
  29 hellions
  A black draconian skeleton (Crypt:2)
  A yaktaur (shapeshifter) (D:13)
  A catoblepas zombie (Crypt:3)
  A purple draconian zombie (Tar:4)
  5 anaconda simulacra
  6 rime drakes
  A rime drake (shapeshifter) (Vaults:4)
  16 efreet
  33 ice devils
  2 catoblepas skeletons
  44 freezing wraiths
  4 hellwings
  A kobold demonologist (Depths:4)
  10 komodo dragons
  3 emperor scorpion zombies
  A minotaur skeleton (Tar:6)
  An iron troll skeleton (Crypt:2)
  4 guardian mummies (Tomb:1)
  44 red devils
  3 demonic crawlers (Pan)
  A polar bear (Lair:6)
  4 tengu conjurers
  A harpy zombie (Tar:4)
  2 tengu simulacra
  A meliai (D:13)
  2 silent spectres
  5 trolls
  A shadow dragon simulacrum (Crypt:1)
  A meliai (shapeshifter) (D:13)
  20 hydra zombies
  A blink frog (shapeshifter) (Depths:2)
  5 harpy skeletons
  Prince Ribbit (D:6)
  7 tyrant leeches
  3 dream sheep (shapeshifter)
  10 hippogriffs
  10 hydra skeletons
  21 hornets
  20 blink frogs
  2 spriggan zombies
  6 fire dragon zombies
  4 ice dragon zombies
  111 slime creatures
  2 frost giant simulacra (Coc:7)
  2 stone giant simulacra
  A deep troll zombie (Depths:1)
  An iron dragon simulacrum (Coc:2)
  11 large abominations (Pan)
  10 alligator zombies
  A death drake skeleton (Crypt:2)
  187 flying skulls
  7 bog bodies
  2 redbacks (Lab)
  2 meliai zombies (D:14)
  4 air elementals
  4 centaur simulacra
  12 ettin zombies
  33 shadows
  10 spriggans
  9 ettin skeletons
  2 dire elephant simulacra
  6 ice dragon skeletons
  3 fire giant simulacra
  A spriggan (shapeshifter) (Vaults:4)
  3 black mamba zombies
  7 fire dragon skeletons
  7 wyverns
  30 fire elementals
  4 alligator skeletons
  34 wraiths
  13 ynoxinuls (Pan)
  3 vampires
  A hog (shapeshifter) (D:13)
  3 humans
  4 basilisks
  A black mamba skeleton (Geh:4)
  3 chaos spawn
  3 fire bats (Geh:2)
  16 water elementals
  2 hogs (D:8)
  2 steam dragons
  A basilisk (shapeshifter) (Vaults:5)
  66 yaks
  7 golden eyes
  A gelid demonspawn zombie (Crypt:1)
  2 human simulacra
  2 iron troll simulacra (IceCv)
  2 death yak simulacra (IceCv)
  7 vampire mosquitoes
  A spriggan simulacrum (Depths:1)
  A yaktaur simulacrum (Vaults:2)
  41 nagas
  14 swamp worms
  8 hungry ghosts
  12 insubstantial wisps
  6 wargs
  A spatial vortex (Tar:7)
  6 spiny frog zombies
  A naga (shapeshifter) (Depths:5)
  A merfolk zombie (Tar:7)
  5 harpy simulacra (IceCv)
  Duvessa (D:6)
  A floating eye (shapeshifter) (Vaults:2)
  A monstrous demonspawn skeleton (Geh:5)
  A soldier ant (shapeshifter) (D:13)
  3 acid dragons
  4 hydra simulacra
  4 human skeletons
  74 hell hounds
  6 floating eyes
  57 orc warriors
  An orb spider zombie (Crypt:2)
  14 water moccasins
  12 swamp drakes
  11 porcupines
  4 black bears
  2 ice dragon simulacra
  3 manticore zombies
  A sky beast (shapeshifter) (Depths:3)
  4 swamp dragon zombies
  4 eyes of draining (Slime:2)
  7 snapping turtle zombies
  34 necrophages
  15 phantoms
  27 ogres
  5 ice beasts
  2 sky beasts
  2 alligator simulacra
  6 spiny frog skeletons
  An ogre (shapeshifter) (Depths:5)
  11 wolves (Lair:2)
  An ettin simulacrum (IceCv)
  13 boggarts
  3 swamp dragon skeletons
  A black mamba simulacrum (Coc:1)
  29 centaurs
  7 snapping turtle skeletons
  8 crocodiles
  6 big kobolds
  A crocodile (shapeshifter) (D:9)
  3 manticore skeletons
  A big kobold (shapeshifter) (Depths:2)
  Blork the orc (D:6)
  21 bullfrogs
  A wyvern zombie (D:12)
  Dowan (D:6)
  A gnoll sergeant (D:8)
  2 earth elementals
  A yaktaur skeleton (Crypt:2)
  2 spiny frog simulacra
  A water moccasin zombie (Crypt:2)
  3 elf skeletons
  A troll zombie (Tar:2)
  2 scorpions
  A scorpion (shapeshifter) (D:13)
  An elephant simulacrum (IceCv)
  3 killer bees (D:13)
  87 wights
  4 electric eels
  2 howler monkeys (D:11)
  A troll skeleton (Geh:6)
  6 bullfrog zombies
  18 crimson imps
  2 draconian simulacra (IceCv)
  5 centaur zombies
  12 orc priests
  3 hounds
  2 centaur skeletons
  6 jellies
  2 quasits
  A human zombie (Geh:3)
  Crazy Yiuf (D:7)
  3 bullfrog skeletons
  3 iron imps
  4 hell rats
  6 iguanas
  3 lightning spires (Zot:2)
  19 orc wizards
  A troll simulacrum (IceCv)
  7 worker ants
  A porcupine skeleton (Crypt:1)
  A killer bee zombie (D:10)
  A naga zombie (Geh:7)
  A naga skeleton (Tar:7)
  3 ogre skeletons
  A big kobold skeleton (Crypt:1)
  An acid dragon skeleton (Crypt:1)
  2 hound zombies
  A hound skeleton (D:10)
  9 mummies
  Robin (D:2)
  A worker ant zombie (D:11)
  21 gnolls
  14 adders
  4 naga simulacra (IceCv)
  3 ogre simulacra (IceCv)
  21 shadow imps
  24 white imps
  12 ufetubi
  An ooze (D:3)
  An adder skeleton (D:9)
  4 worms
  5 dart slugs
  8 leopard geckos
  93 orcs
  5 giant cockroaches
  38 goblins
  14 hobgoblins
  A jackal (shapeshifter) (Depths:1)
  23 jackals
  6 quokkas
  2 ball pythons
  10 bats
  4 frilled lizards
  A jackal skeleton (D:5)
  18 kobolds
  3 kobold skeletons
  2 kobold zombies (Geh:7)
  A leopard gecko zombie (D:9)
  An orc skeleton (Tar:2)
  3 quokka skeletons
  13 rats
  22 blocks of ice
  13 bushes (Elf:2)
  2 crawling corpses (Elf:3)
  A demonic plant (WizLab)
  62 fire vortices
  A fungus (Lair:6)
  14 plants
  8 starspawn tentacles (WizLab)
4459 creatures vanquished.

Vanquished Creatures (collateral kills)
  Khufu (Tomb:1)
  Boris (Vaults:5)
  A caustic shrike (Depths:3)
  A golden dragon (Depths:5)
  A Tzitzimitl (Tar:7)
  A doom hound (Tar:4)
  An Orb Guardian (Zot:5)
  A tentacled starspawn (WizLab)
  5 acid blobs
  A death cob (Zot:2)
  2 shadow dragons
  Roxanne (D:14)
  A storm dragon (Zot:3)
  A fire giant (Depths:1)
  A deep elf sorcerer (Elf:3)
  A frost giant (Depths:3)
  An iron dragon (Depths:5)
  A vault warden (Vaults:5)
  2 ironheart preservers
  2 stone giants
  4 reapers
  3 green draconians
  A red draconian (Zot:3)
  2 white draconians
  A yellow draconian (Zot:4)
  2 blizzard demons
  4 ettins
  A deep elf high priest (Vaults:5)
  2 great orbs of eyes (WizLab)
  A vault guard (Vaults:5)
  A fire dragon (Depths:1)
  An ice dragon (Coc:1)
  An anaconda (shapeshifter) (Vaults:5)
  2 yaktaur captains
  3 two-headed ogres (Vaults:5)
  A deep troll shaman (Depths:1)
  7 dancing weapons
  A deep troll earth mage (Depths:3)
  A titan zombie (Geh:7)
  A storm dragon zombie (Coc:1)
  2 deep elf knights (Elf:2)
  3 skeletal warriors
  A titan skeleton (Coc:7)
  2 iron trolls (Depths:3)
  A hell knight (Geh:4)
  4 deep trolls
  A ghost moth zombie (Geh:7)
  2 deep elf archers (Elf:1)
  A shadow dragon zombie (Coc:7)
  A shadow dragon skeleton (Coc:7)
  5 deep elf magi
  2 moths of wrath
  A rust devil (Depths:3)
  A smoke demon (Geh:7)
  A fire giant skeleton (Coc:5)
  A molten gargoyle (Geh:7)
  A catoblepas zombie (Geh:3)
  A freezing wraith (Coc:1)
  2 yaktaurs
  A tengu conjurer (Depths:1)
  A hydra zombie (Coc:1)
  A red devil (Geh:7)
  5 slime creatures
  A harpy skeleton (Coc:1)
  2 ettin zombies
  An ice dragon zombie (Geh:7)
  2 fire dragon zombies
  An alligator zombie (Coc:1)
  2 air elementals
  4 flying skulls
  2 wraiths
  A fire dragon skeleton (Coc:7)
  A wyvern (shapeshifter) (Elf:2)
  A death yak simulacrum (IceCv)
  2 spiny frog zombies
  A manticore zombie (Geh:7)
  A necrophage (Tar:1)
  A boggart (Depths:1)
  An ogre (Vaults:5)
  2 wights
  A crimson imp (Geh:7)
  A shadow imp (Tar:7)
  An orc zombie (Geh:1)
  2 bushes (Elf:2)
139 creatures vanquished.

Vanquished Creatures (others)
  An eldritch tentacle (Geh:4)
  A tengu reaver (Vaults:5)
  2 stone giants
  A green draconian (Zot:5)
  2 yaktaur captains
  A shadow wraith (Tar:7)
  A deep elf mage (Elf:2)
  A hellion (Geh:7)
  A dire elephant skeleton (Geh:2)
  5 yaktaurs
  A harpy zombie (Geh:7)
  A flying skull (Coc:7)
  A water elemental (Hell)
  2 humans (Snake:3)
  A naga (Snake:3)
  An orc warrior (Vaults:2)
  A manticore skeleton (Geh:3)
  A spriggan zombie (Geh:4)
  A spriggan skeleton (Geh:4)
  2 crimson imps
  4 white imps (IceCv)
  3 ufetubi (IceCv)
  An orc skeleton (Geh:7)
  71 blocks of ice
  13 bushes (Elf:2)
  519 fire vortices
  6 fungi
  26 plants
  8 starspawn tentacles (WizLab)
  4 tentacles (Coc:4)
683 creatures vanquished.

Grand Total: 5281 creatures vanquished

Notes
Turn   | Place    | Note
-------+----------+-------------------------------------------
     0 | D:1      | Napalmbreeze the Deep Elf Fire Elementalist began the quest
                  | for the Orb.
     0 | D:1      | Reached XP level 1. HP: 10/10 MP: 6/6
   525 | D:1      | Reached XP level 2. HP: 13/15 MP: 6/8
   547 | D:1      | Learned a level 2 spell: Throw Flame
  1201 | D:1      | Reached XP level 3. HP: 19/19 MP: 7/10
  1206 | D:1      | Learned a level 3 spell: Conjure Flame
  2042 | D:2      | Reached XP level 4. HP: 24/24 MP: 5/11
  2095 | D:2      | Reached skill level 4 in Spellcasting
  2468 | D:2      | Noticed Robin
  2480 | D:2      | Killed Robin
  2762 | D:3      | Learned a level 4 spell: Sticky Flame
  2817 | D:3      | Reached XP level 5. HP: 28/28 MP: 8/13
  3116 | D:3      | Found an ancient bone altar of Kikubaaqudgha.
  3475 | D:3      | Found a hide-covered altar of Uskayaw.
  4441 | D:4      | Reached XP level 6. HP: 32/32 MP: 12/15
  4691 | D:4      | Reached skill level 5 in Spellcasting
  4701 | D:4      | Reached skill level 5 in Conjurations
  4908 | D:4      | Found a glowing golden altar of the Shining One.
  5007 | D:5      | Entered Level 5 of the Dungeon
  5614 | D:5      | Reached skill level 5 in Fire Magic
  5802 | D:5      | Found a basalt altar of Yredelemnul.
  5821 | D:5      | Reached XP level 7. HP: 31/36 MP: 8/17
  5830 | D:5      | Learned a level 5 spell: Fireball
  5883 | D:5      | Found a shattered altar of Ashenzari.
  6074 | D:5      | Found a snail-covered altar of Cheibriados.
  6083 | D:5      | Reached skill level 6 in Spellcasting
  6484 | D:5      | Found a sparkling altar of Nemelex Xobeh.
  6484 | D:5      | Found an opulent altar of Gozag.
  6829 | D:6      | Found a staircase to the Ecumenical Temple.
  6840 | Temple   | Entered the Ecumenical Temple
  6941 | Temple   | Became a worshipper of Vehumet
  6963 | D:6      | Reached XP level 8. HP: 30/41 MP: 8/20
  7258 | D:6      | Noticed Prince Ribbit
  7266 | D:6      | Killed Prince Ribbit
  7266 | D:6      | Reached skill level 7 in Spellcasting
  7413 | D:6      | Reached skill level 8 in Spellcasting
  7440 | D:5      | Reached XP level 9. HP: 36/45 MP: 0/23
  7633 | D:6      | Noticed Blork the orc
  7637 | D:6      | Killed Blork the orc
  7685 | D:6      | Noticed Duvessa
  7690 | D:6      | Noticed Dowan
  7691 | D:6      | Killed Duvessa
  7695 | D:6      | Killed Dowan
  8008 | D:7      | Found a glowing silver altar of Zin.
  8008 | D:7      | Found a shimmering altar of Xom.
  8008 | D:7      | Noticed an angel
  8010 | D:7      | Reached skill level 10 in Conjurations
  8091 | D:7      | Found a flagged portal.
  8183 | D:6      | Reached * piety under Vehumet
  8183 | D:6      | Offered knowledge of Sting by Vehumet.
  8183 | D:6      | Reached skill level 9 in Spellcasting
  8365 | Bailey   | Entered a bailey
  8619 | Bailey   | Reached ** piety under Vehumet
  8619 | Bailey   | Offered knowledge of Shock by Vehumet.
  8970 | Bailey   | Offered knowledge of Ignite Poison by Vehumet.
  9093 | Bailey   | Noticed an orc warlord
  9150 | D:7      | Found an iron altar of Okawaru.
  9347 | D:7      | Found a runed door.
  9351 | D:7      | Noticed Crazy Yiuf
  9355 | D:7      | Killed Crazy Yiuf
  9408 | D:7      | Reached *** piety under Vehumet
  9452 | D:7      | Found a shadowy altar of Dithmenos.
  9771 | D:8      | Reached XP level 10. HP: 51/51 MP: 21/25
  9775 | D:8      | Offered knowledge of Throw Icicle by Vehumet.
  9835 | D:8      | Reached skill level 1 in Fighting
  9835 | D:8      | Reached skill level 10 in Spellcasting
 10331 | D:8      | Found a stormy altar of Qazlal.
 10730 | D:8      | Found the +10 Black Knight's horse barding {ponderous,
                  | rPois rN+}
 11027 | D:8      | Found a staircase to the Lair.
 11343 | D:9      | Reached skill level 5 in Dodging
 11369 | D:9      | Found the +4 robe of Augmentation {Str+4 Int+4 Dex+4}
 11384 | D:9      | Reached **** piety under Vehumet
 11605 | D:9      | Noticed a two-headed ogre
 11831 | D:9      | Noticed Joseph
 11835 | D:9      | Killed Joseph
 11835 | D:9      | Reached skill level 11 in Spellcasting
 12027 | D:9      | Killed a two-headed ogre
 12256 | D:9      | Offered knowledge of Airstrike by Vehumet.
 12290 | D:9      | Learned a level 4 spell: Airstrike
 12382 | D:9      | Reached XP level 11. HP: 60/60 MP: 23/28
 12465 | D:9      | Identified the ring "Giuseukk" {*Tele Dex+6}
 12471 | D:9      | Reached skill level 10 in Fire Magic
 12621 | D:9      | Got a pitted silver ring
 12658 | D:9      | Identified the ring "Afewya" {rF+ Int+4}
 12677 | D:9      | Got a translucent wooden ring
 12816 | D:9      | Identified the ring "Qerixanu" {Int+2 Dex+2} (You found it
                  | on level 9 of the Dungeon)
 12818 | D:9      | Identified the ring "Roevviph" {rF- rN+ MP+9 Dex+3} (You
                  | found it on level 9 of the Dungeon)
 12865 | D:10     | Entered Level 10 of the Dungeon
 12865 | D:10     | Noticed Erica
 12869 | D:10     | Killed Erica
 12869 | D:10     | Reached skill level 1 in Air Magic
 13608 | D:10     | Reached skill level 12 in Spellcasting
 13743 | D:10     | Noticed Josephine
 13748 | D:10     | Killed Josephine
 13753 | D:10     | Reached ***** piety under Vehumet
 13753 | D:10     | Noticed Psyche
 13755 | D:10     | Killed Psyche
 13813 | D:10     | Reached skill level 5 in Fighting
 13851 | D:10     | Noticed a two-headed ogre
 13856 | D:10     | Killed a two-headed ogre
 13995 | D:10     | Offered knowledge of Venom Bolt by Vehumet.
 14010 | D:10     | Learned a level 5 spell: Venom Bolt
 14183 | D:10     | Found a staircase to the Orcish Mines.
 14921 | D:10     | Gained mutation: You are covered in fur. (AC +1) [potion of
                  | mutation]
 14921 | D:10     | Gained mutation: You can translocate small distances at
                  | will. [potion of mutation]
 15248 | Lair:1   | Entered Level 1 of the Lair of Beasts
 15248 | Lair:1   | Noticed an oklob plant
 15248 | Lair:1   | Noticed Harold
 15306 | Lair:1   | Noticed Urug
 15310 | Lair:1   | Killed Urug
 15310 | Lair:1   | Reached XP level 12. HP: 43/68 MP: 8/30
 15329 | Lair:1   | Reached skill level 13 in Spellcasting
 15559 | Lair:1   | Noticed a four-headed hydra
 15571 | Lair:1   | Killed a four-headed hydra
 15571 | Lair:1   | Reached skill level 5 in Air Magic
 15996 | Lair:1   | Killed Harold
 16234 | Lair:1   | Found an iron altar of Okawaru.
 16888 | Lair:2   | Reached skill level 10 in Dodging
 17121 | Lair:2   | Reached skill level 14 in Spellcasting
 17528 | Lair:2   | Noticed Sonja
 17531 | Lair:2   | Killed Sonja
 17986 | Lair:2   | Noticed a catoblepas
 17989 | Lair:2   | Killed a catoblepas
 18347 | Lair:3   | Reached XP level 13. HP: 77/77 MP: 26/33
 18987 | Lair:3   | Found a staircase to the Snake Pit.
 19392 | Lair:4   | Reached skill level 15 in Spellcasting
 19605 | Lair:4   | Offered knowledge of Poison Arrow by Vehumet.
 19978 | Lair:4   | Found a staircase to the Swamp.
 20035 | Lair:4   | Reached skill level 1 in Evocations
 21166 | Lair:5   | Found a staircase to the Slime Pits.
 21429 | Lair:6   | Entered Level 6 of the Lair of Beasts
 22143 | Lair:6   | Offered knowledge of Irradiate by Vehumet.
 23324 | Lair:6   | Reached XP level 14. HP: 65/84 MP: 23/35
 23538 | Lair:6   | Cast into level 2 of the Abyss (a wizard)
 23595 | Lair:6   | Escaped the Abyss
 23707 | Lair:6   | Found a burning altar of Makhleb.
 23808 | Lair:6   | Reached skill level 16 in Spellcasting
 24013 | Lair:6   | Found a gateway to Hell.
 24016 | Lair:6   | Got a glittering jade ring
 24021 | Lair:6   | Identified the Handbook of Snow and Changing
 24037 | Lair:6   | Learned a level 6 spell: Freezing Cloud
 24436 | D:11     | Reached skill level 5 in Evocations
 24542 | D:11     | Found a blossoming altar of Fedhas.
 24556 | D:11     | Reached skill level 1 in Ice Magic
 25115 | D:11     | Noticed Maurice
 25123 | D:11     | Killed Maurice
 25780 | D:12     | Found a shadowy altar of Dithmenos.
 26661 | D:13     | Found Wyatziy's Assorted Antiques.
 26666 | D:13     | Bought a sedimented cyan potion for 18 gold pieces
 26865 | D:13     | Offered knowledge of Bolt of Magma by Vehumet.
 27168 | D:13     | Noticed a storm dragon
 27172 | D:13     | Killed a storm dragon
 27846 | D:13     | Found a gate to the Vaults.
 28404 | D:14     | Reached skill level 5 in Ice Magic
 28579 | D:14     | Offered knowledge of Ozocubu's Refrigeration by Vehumet.
 28787 | D:14     | Reached XP level 15. HP: 73/92 MP: 34/37
 28973 | D:14     | Got a jewelled giant spiked club
 28974 | D:14     | Identified the +7 giant spiked club "Rizixez" {venom, rN+
                  | Str+4 Int-3} (You found it on level 14 of the Dungeon)
 28978 | D:14     | Identified the ring of Votec {rCorr rN+ Int+3} (You took it
                  | off a red devil on level 6 of the Lair of Beasts)
 29114 | D:14     | Noticed Roxanne
 29415 | D:14     | Reached skill level 10 in Fighting
 29747 | D:14     | Found a portal to a secret trove of treasure.
 30100 | D:15     | Entered Level 15 of the Dungeon
 30175 | D:15     | Noticed Agnes
 30179 | D:15     | Killed Agnes
 30513 | D:15     | Reached skill level 1 in Shields
 30789 | D:15     | Found Ede Covosm's Book Shoppe.
 31037 | D:15     | Found a staircase to the Depths.
 31539 | D:15     | Reached ****** piety under Vehumet
 32072 | Orc:1    | Entered Level 1 of the Orcish Mines
 32083 | Orc:1    | Offered knowledge of Bolt of Fire by Vehumet.
 32087 | Orc:1    | Noticed Gastronok
 32295 | Orc:1    | Killed Gastronok
 32672 | Orc:1    | Reached skill level 15 in Conjurations
 32729 | Orc:1    | Noticed Nergalle
 32735 | Orc:1    | Killed Nergalle
 33135 | Orc:2    | Entered Level 2 of the Orcish Mines
 33278 | Orc:2    | Found a labyrinth entrance.
 33296 | Lab      | Entered a labyrinth
 33318 | Lab      | Found an exit through the horrors of the Abyss.
 34152 | Lab      | Identified the Catalogue of Spatial Flames
 35093 | Orc:2    | Found a staircase to the Elven Halls.
 35300 | Orc:2    | Found Xaext's General Store.
 35436 | Orc:2    | Found Adim's Magic Scroll Shoppe.
 35436 | Orc:2    | Found Sucw's Antique Weapon Shop.
 35438 | Orc:2    | Found Ziddo's Distillery.
 35440 | Orc:2    | Found Ymabbiur's Armour Emporium.
 35641 | D:15     | Bought a book of Annihilations for 1324 gold pieces
 35967 | Swamp:1  | Entered Level 1 of the Swamp
 35967 | Swamp:1  | Noticed a thorn hunter
 35969 | Swamp:1  | Killed a thorn hunter
 35969 | Swamp:1  | Reached XP level 16. HP: 77/100 MP: 30/38
 36228 | Snake:1  | Entered Level 1 of the Snake Pit
 36235 | Snake:1  | Offered knowledge of Bolt of Cold by Vehumet.
 37551 | Snake:1  | Learned a level 6 spell: Bolt of Cold
 38504 | Snake:1  | Noticed Azrael
 38507 | Snake:1  | Killed Azrael
 39764 | Snake:2  | Identified a scroll of acquirement
 40524 | Snake:3  | Noticed Kirke
 40528 | Snake:3  | Killed Kirke
 41338 | Snake:3  | Reached skill level 15 in Fire Magic
 42253 | Snake:3  | Learned a level 8 spell: Ignition
 42254 | Snake:4  | Entered Level 4 of the Snake Pit
 42616 | Snake:4  | Reached XP level 17. HP: 104/104 MP: 33/39
 45212 | Snake:4  | Got a serpentine rune of Zot
 45820 | Swamp:1  | Got a wavering ruby amulet
 45822 | Swamp:1  | Identified the amulet of Lolayxta {Acrobat Stlth+} (You
                  | acquired it on level 1 of the Swamp)
 46075 | Swamp:1  | Paralysed by a hornet for 1 turns
 47757 | Swamp:3  | Found a transporter.
 48151 | Swamp:3  | Found a transporter.
 48492 | Swamp:3  | Identified Akebbaff's Volume of Captivating Contamination
 48497 | Swamp:3  | Got a scintillating turquoise ring
 48507 | Swamp:3  | Got a bound bone ring
 48515 | Swamp:3  | Identified the ring "Wudeserch" {Str+2 Stlth-} (You found
                  | it on level 3 of the Swamp)
 48516 | Swamp:3  | Identified the ring "Naeclin" {*Corrode rC+ MP+9 Str+4
                  | Dex+3} (You found it on level 3 of the Swamp)
 48534 | Swamp:4  | Entered Level 4 of the Swamp
 48900 | Swamp:4  | Reached XP level 18. HP: 110/110 MP: 30/40
 50303 | Swamp:4  | Got a decaying rune of Zot
 50807 | Vaults:1 | Entered Level 1 of the Vaults
 50860 | Vaults:1 | Reached skill level 17 in Spellcasting
 50984 | Vaults:1 | Found Lomuplug's Assorted Antiques.
 50993 | Vaults:1 | Bought a distressingly furry shield for 266 gold pieces
 50993 | Vaults:1 | Identified the +3 shield of Yriaguqihe {rPois Dex+7 SInv}
                  | (You bought it in a shop on level 1 of the Vaults)
 52944 | Vaults:2 | Reached skill level 18 in Spellcasting
 53188 | Vaults:2 | Reached XP level 19. HP: 114/114 MP: 28/43
 53343 | Vaults:2 | Found a glowing silver altar of Zin.
 53928 | Vaults:2 | Noticed a lich
 53931 | Vaults:2 | Killed a lich
 53931 | Vaults:2 | Reached skill level 19 in Spellcasting
 54549 | Vaults:2 | Found the +8 glaive of the Guard {elec, +Rage AC+5 SInv}
 55773 | Vaults:3 | Found Ostiesor's Antique Weapon Boutique.
 55815 | Vaults:3 | Found Ohetzeo's Antique Armour Shoppe.
 55826 | Vaults:3 | Found Xecik's General Store.
 55842 | Vaults:3 | Reached skill level 20 in Spellcasting
 56027 | Vaults:3 | Found a flickering gateway to a bazaar.
 56036 | Bazaar   | Entered a bazaar
 56091 | Bazaar   | Found Emuges's Food Shop.
 56170 | Bazaar   | Found Hibef's Assorted Antiques.
 56178 | Bazaar   | Bought a transparent tin ring for 130 gold pieces
 56178 | Bazaar   | Identified the ring of the Past {rCorr rPois rF- Dex+4}
                  | (You bought it in a shop in a bazaar)
 56186 | Bazaar   | Found Zuudwinn's Antique Weapon Emporium.
 56222 | Bazaar   | Found Poirez's Assorted Antiques.
 56226 | Bazaar   | Bought a scroll labeled NAIQOAFRIT for 21 gold pieces
 56477 | Vaults:3 | Noticed Margery
 56494 | Vaults:3 | Killed Margery
 56787 | Vaults:3 | Learned a level 8 spell: Lehudib's Crystal Spear
 56861 | Vaults:3 | Reached XP level 20. HP: 120/120 MP: 28/46
 57075 | Vaults:3 | Reached skill level 1 in Earth Magic
 57124 | Vaults:3 | Found a staircase to the Crypt.
 57208 | Vaults:3 | Bought a scroll of holy word for 120 gold pieces
 58435 | Vaults:4 | Reached skill level 21 in Spellcasting
 58501 | Vaults:4 | Reached skill level 5 in Earth Magic
 58819 | D:14     | You paid a toll of +3 ice dragon scales to enter a treasure
                  | trove
 58820 | Trove    | Entered a treasure trove
 58919 | Trove    | Identified Sif Muna's Almanac of Flying Attacks
 58929 | Trove    | Identified Archet's Intricacies of the Arcane Arts
 58935 | Trove    | Identified Sif Muna's Papyrus of Attacks
 58938 | Trove    | Identified Riqy's Tome of Scorching Confrontation
 58964 | Trove    | Learned a level 7 spell: Spellforged Servitor
 59307 | D:14     | Killed Roxanne
 59537 | Vaults:4 | Reached skill level 1 in Summonings
 61221 | Vaults:5 | Entered Level 5 of the Vaults
 61228 | Vaults:5 | Reached skill level 5 in Summonings
 61229 | Vaults:5 | Reached XP level 21. HP: 124/124 MP: 35/48
 61244 | Vaults:5 | Reached skill level 22 in Spellcasting
 61484 | Vaults:4 | Learned a level 9 spell: Fire Storm
 61909 | Vaults:5 | Noticed Boris
 61912 | Vaults:5 | Killed Boris
 62245 | Vaults:5 | Reached skill level 10 in Earth Magic
 62255 | Vaults:5 | Found Zaaz's Jewellery Shop.
 62980 | Vaults:5 | Reached skill level 23 in Spellcasting
 63528 | Vaults:5 | Got a translucent glass ring
 63537 | Vaults:5 | Identified the ring of Mairugo {rN+ Str+10} (You found it
                  | on level 5 of the Vaults)
 63947 | Vaults:5 | Identified the +4 long sword of the Eternal Warrior {slice,
                  | rN+ Int-5 Dex+5 Stlth+}
 63962 | Vaults:5 | Got a silver rune of Zot
 64110 | Vaults:5 | Learned a level 7 spell: Orb of Destruction
 64586 | Elf:1    | Entered Level 1 of the Elven Halls
 64591 | Elf:1    | Reached skill level 24 in Spellcasting
 64591 | Elf:1    | Reached XP level 22. HP: 130/130 MP: 52/52
 64697 | D:11     | Got a twisted cloak
 64708 | D:11     | Identified the +1 cloak of Altruism {rPois} (You found it
                  | on level 11 of the Dungeon)
 64939 | Elf:1    | Found a runed door.
 64953 | Elf:1    | Noticed Jihew's ghost (adept TrCK)
 65144 | Elf:1    | Killed Jihew's ghost
 65351 | Elf:1    | Got a crude robe
 65363 | Elf:1    | Identified the +2 robe of the Slug {rN+} (You found it on
                  | level 1 of the Elven Halls)
 65645 | Elf:1    | You fall through a shaft!
 66006 | Elf:2    | Found a runed gate.
 66008 | Elf:2    | Found a runed gate.
 66011 | Elf:2    | Found a runed gate.
 66108 | Elf:2    | Found Cuecungi's Assorted Antiques.
 66656 | Elf:2    | Found a deep blue altar of Sif Muna.
 67205 | Elf:1    | Noticed Nikola
 67220 | Elf:1    | Killed Nikola
 67523 | Elf:3    | Entered Level 3 of the Elven Halls
 67556 | Elf:3    | Found a frozen archway.
 67626 | IceCv    | Entered an ice cave
 68784 | Elf:3    | Reached skill level 25 in Spellcasting
 69275 | Elf:3    | Found Dykul's Weapon Shoppe.
 69440 | Elf:3    | Identified the +4 rapier of Siujem {vamp, rC+}
 69444 | Elf:3    | Identified the amulet of Jiyclit {Reflect Fragile rC+ Dex+4
                  | SH+2}
 69489 | Elf:3    | Reached XP level 23. HP: 138/138 MP: 45/54
 69545 | Elf:3    | Identified the +5 spear "Yfipsuich" {pain, rN+}
 69725 | Elf:3    | Got a crude marble ring
 69943 | Elf:3    | Identified the Grimoire of Captivating Protection
 69951 | Elf:3    | Identified the Handbook of Cankerous Air
 69966 | Elf:3    | Got a pair of blackened gloves
 69977 | Elf:3    | Identified the +1 pair of gloves of the Mind {rCorr Str+5
                  | Dex-3} (You found it on level 3 of the Elven Halls)
 69978 | Elf:3    | Identified the ring "Yqojam Yxtygh" {Ice rElec rPois Int-4
                  | Dex+2} (You took it off a deep elf sorcerer on level 3 of
                  | the Elven Halls)
 70303 | Depths:1 | Entered Level 1 of the Depths
 70312 | Depths:1 | Reached skill level 10 in Ice Magic
 72293 | Depths:1 | Found Ovirawkups's Weapon Shop.
 72622 | Depths:2 | Noticed Asterion
 72624 | Depths:2 | Killed Asterion
 74304 | Depths:2 | Found a one-way gate to the infinite horrors of the Abyss.
 74500 | Depths:2 | Found Yreab's Jewellery Emporium.
 74508 | Depths:2 | Bought the amulet "Ciboahan" {Reflect rElec rN+ MR+ SH+4
                  | Stlth+} for 964 gold pieces
 75084 | Depths:3 | Noticed a caustic shrike
 75088 | Depths:3 | Noticed a caustic shrike
 75089 | Depths:3 | Noticed a caustic shrike
 75089 | Depths:3 | Identified the amulet of Yendor {Spirit MR+}
 75293 | Depths:3 | Killed a caustic shrike
 75293 | Depths:3 | Reached XP level 24. HP: 118/147 MP: 24/54
 75584 | Depths:3 | Found a one-way gate leading to the halls of Pandemonium.
 76387 | Depths:4 | Found a snail-covered altar of Cheibriados.
 76432 | Depths:4 | Found a gateway to a ziggurat.
 76745 | Depths:4 | Found a transporter.
 76747 | Depths:4 | Noticed a juggernaut
 76785 | Depths:4 | Noticed Xtahua
 76788 | Depths:4 | Killed Xtahua
 77054 | Depths:4 | Reached skill level 26 in Spellcasting
 77062 | Depths:4 | Found a transporter.
 77085 | Depths:4 | Killed a juggernaut
 77375 | Depths:4 | Got a pair of distressingly furry boots
 77386 | Depths:4 | Identified the +1 pair of boots of Anaesthesia {*Drain
                  | +Blink rC++ MP+9} (You found it on level 4 of the Depths)
 77397 | Depths:4 | Got a smoking helmet
 77409 | Depths:4 | Identified the +0 helmet of Jifitt {rPois} (You found it on
                  | level 4 of the Depths)
 77953 | Elf:3    | Got an encrusted buckler
 77964 | Elf:3    | Identified the cursed +0 buckler "Hotow" {rElec} (You took
                  | it off a deep elf sorcerer on level 3 of the Elven Halls)
 78704 | Depths:5 | Entered Level 5 of the Depths
 78939 | Depths:5 | Reached skill level 15 in Fighting
 78942 | Depths:5 | Noticed Mennas
 79042 | Depths:5 | Found a magical portal.
 79047 | WizLab   | Entered Lehudib's Moon Base
 79104 | WizLab   | Found a transporter.
 79578 | WizLab   | Got a twisted hat
 79589 | WizLab   | Identified the +0 hat of Good Intentions {rF+} (You found
                  | it in a wizard's laboratory)
 79871 | WizLab   | Reached XP level 25. HP: 156/156 MP: 55/55
 79952 | WizLab   | Found a transporter.
 80637 | Depths:5 | Killed Mennas
 80690 | Depths:5 | Learned a level 9 spell: Glaciate
 81121 | Depths:5 | Found a gate to the Realm of Zot.
 81285 | Depths:5 | Identified the +7 faerie dragon scales {rC++ MR- rCorr
                  | Str+6}
 81285 | Depths:5 | Noticed the Enchantress
 81288 | Depths:5 | Killed the Enchantress
 81539 | Zot:1    | Entered Level 1 of the Realm of Zot
 81829 | Zot:1    | Reached skill level 27 in Spellcasting
 81829 | Zot:1    | HP: 7/157 [cloud of flame (1)]
 83108 | Zot:2    | Reached skill level 15 in Ice Magic
 83428 | Zot:2    | Noticed an orb of fire
 83431 | Zot:2    | Killed an orb of fire
 83431 | Zot:2    | Reached XP level 26. HP: 59/164 MP: 50/56
 83857 | Zot:2    | Learned a level 1 spell: Apportation
 84028 | Zot:2    | Reached skill level 1 in Translocations
 85334 | Zot:3    | Reached skill level 5 in Translocations
 86222 | Zot:4    | Got a heavily runed shield
 86228 | Zot:4    | Identified the +0 shield "Ruymy" {SInv} (You found it on
                  | level 4 of the Realm of Zot)
 86560 | Zot:5    | Entered Level 5 of the Realm of Zot
 86933 | Zot:5    | Noticed an ancient lich
 86939 | Zot:5    | Killed an ancient lich
 87164 | Zot:5    | Reached XP level 27. HP: 171/171 MP: 56/56
 88655 | Zot:5    | Got an encrusted leather armour
 88814 | Zot:5    | Noticed an ancient lich
 88816 | Zot:5    | Killed an ancient lich
 89178 | Zot:5    | Noticed an orb of fire
 89184 | Zot:5    | Gained mutation: You are occasionally teleported next to
                  | monsters. [an orb of fire]
 89187 | Zot:5    | Gained mutation: You are dopey. (Int -2) [an orb of fire]
 89188 | Zot:5    | Killed an orb of fire
 89191 | Zot:5    | Lost mutation: You are covered in fur. (AC +1) [potion of
                  | mutation]
 89191 | Zot:5    | Lost mutation: You are dopey. (Int -2) [potion of mutation]
 89191 | Zot:5    | Lost mutation: You can translocate small distances at will.
                  | [potion of mutation]
 89191 | Zot:5    | Lost mutation: You are occasionally teleported next to
                  | monsters. [potion of mutation]
 89191 | Zot:5    | Gained mutation: You are dopey. (Int -2) [potion of
                  | mutation]
 89191 | Zot:5    | Gained mutation: You can translocate small distances at
                  | will. [potion of mutation]
 89699 | Zot:5    | Noticed an orb of fire
 89703 | Zot:5    | Killed an orb of fire
 89923 | Zot:5    | Reached skill level 10 in Translocations
 91204 | Slime:1  | Entered Level 1 of the Pits of Slime
 93802 | Slime:5  | Entered Level 5 of the Pits of Slime
 93858 | Slime:5  | Noticed the Royal Jelly
 93861 | Slime:5  | Killed the Royal Jelly
 94105 | Slime:5  | Got a slimy rune of Zot
 94120 | Slime:5  | Identified the cursed +1 leather armour of Precision
                  | Catastrophes {rPois MR+ Int+3} (You found it on level 5 of
                  | the Realm of Zot)
 94132 | Slime:5  | Identified the Guide on Unstable Clay
 94211 | Slime:5  | Got a warped jade ring
 94215 | Slime:5  | Identified the cursed ring of Sunlight {+Inv rF+ AC-3} (You
                  | found it on level 5 of the Pits of Slime)
 94226 | Slime:5  | Got a distressingly furry helmet
 94242 | Slime:5  | Got a brightly glowing lapis lazuli ring
 94244 | Slime:5  | Identified the ring "Muuriyti" {EV+1 Str+2} (You found it
                  | on level 5 of the Pits of Slime)
 94246 | Slime:5  | Identified the +0 helmet "Nep Otil" {rElec MR+ Dex+4
                  | Stlth-} (You found it on level 5 of the Pits of Slime)
 94436 | Hell     | Entered the Vestibule of Hell
 94436 | Hell     | Noticed Geryon
 94443 | Hell     | Killed Geryon
 95515 | Hell     | Found a gateway to the decaying netherworld of Tartarus.
 95651 | Hell     | Found a gateway to the ashen valley of Gehenna.
 95733 | Hell     | Found a gateway to the Iron City of Dis.
 95821 | Hell     | Found a gateway to the freezing wastes of Cocytus.
 95880 | Hell     | Learned a level 8 spell: Controlled Blink
 95887 | Coc:1    | Entered Level 1 of Cocytus
 96400 | Coc:1    | Learned a level 3 spell: Regeneration
 96602 | Coc:1    | Reached skill level 15 in Translocations
 96791 | Coc:1    | Gained mutation: You are clumsy. (Dex -2) [mutagenic glow]
 96830 | Coc:1    | Gained mutation: Your body sometimes deteriorates upon
                  | taking damage. [mutagenic glow]
 96850 | Coc:1    | Gained mutation: You are very clumsy. (Dex -4) [mutagenic
                  | glow]
 97718 | Coc:5    | Noticed an ancient lich
 97727 | Coc:5    | Killed an ancient lich
 97822 | Coc:7    | Entered Level 7 of Cocytus
 97912 | Coc:7    | Lost mutation: You are dopey. (Int -2) [potion of mutation]
 97912 | Coc:7    | Lost mutation: You are very clumsy. (Dex -4) [potion of
                  | mutation]
 97912 | Coc:7    | Lost mutation: You are clumsy. (Dex -2) [potion of
                  | mutation]
 97912 | Coc:7    | Gained mutation: You are clumsy. (Dex -2) [potion of
                  | mutation]
 97912 | Coc:7    | Gained mutation: You have sharp fingernails. [potion of
                  | mutation]
 99489 | Slime:5  | Got an ancient scale mail
 99491 | Slime:5  | Got an encrusted scale mail
 99492 | Slime:5  | Identified the cursed +1 scale mail "Cethe" {rF+ MR+} (You
                  | found it on level 5 of the Pits of Slime)
 99493 | Slime:5  | Identified the +1 scale mail of Ykucoen {Str-3 Int+5} (You
                  | found it on level 5 of the Pits of Slime)
 99978 | Crypt:1  | Entered Level 1 of the Crypt
 99982 | Crypt:1  | Reached skill level 1 in Armour
102193 | Crypt:3  | Entered Level 3 of the Crypt
102713 | Crypt:3  | Reached skill level 5 in Armour
103147 | Crypt:3  | Found a staircase to the Tomb.
103312 | Crypt:3  | Found an ancient bone altar of Kikubaaqudgha.
103316 | Crypt:3  | Noticed an ancient lich
103318 | Crypt:3  | Killed an ancient lich
104147 | Tomb:1   | Entered Level 1 of the Tomb of the Ancients
104197 | Tomb:1   | Noticed Jory
104202 | Tomb:1   | Killed Jory
104592 | Tomb:1   | Noticed Khufu
104592 | Tomb:1   | Noticed a greater mummy
104595 | Tomb:1   | Killed a greater mummy
104595 | Tomb:1   | Killed Khufu
104596 | Tomb:1   | Noticed a greater mummy
104597 | Tomb:1   | Killed a greater mummy
104921 | Tomb:1   | Noticed a greater mummy
104923 | Tomb:1   | Killed a greater mummy
105217 | Tomb:1   | Noticed a greater mummy
105219 | Tomb:1   | Killed a greater mummy
105581 | Tomb:1   | Learned a level 9 spell: Shatter
106574 | Hell     | HP: 5/179 [Ice Fiend (8)]
107304 | Coc:2    | Reached skill level 15 in Earth Magic
107349 | Coc:3    | Reached skill level 10 in Armour
107556 | Coc:5    | Reached skill level 10 in Evocations
107842 | Coc:7    | Identified the +9 long sword "Bulaus" {venom, +Inv rElec
                  | Str-2 Dex+2}
107964 | Coc:7    | Noticed Antaeus
108114 | Coc:7    | Gained mutation: You are partially covered in large bone
                  | plates. (SH +4) [mutagenic glow]
108186 | Coc:7    | Gained mutation: You are weak. (Str -2) [mutagenic glow]
108359 | Coc:7    | Killed Antaeus
108421 | Coc:7    | Got an icy rune of Zot
108672 | Hell     | Upgraded the game from 0.23-a0-336-g43d87f4c55 to
                  | 0.23-a0-344-ge122d05652
108697 | Geh:1    | Entered Level 1 of Gehenna
110754 | Geh:7    | Entered Level 7 of Gehenna
111471 | Geh:7    | Reached skill level 1 in Charms
111478 | Geh:7    | Reached skill level 15 in Evocations
111789 | Geh:7    | Identified the amulet of Izxeaff {Reflect +Fly Str+4 Dex+6
                  | SH+3}
111937 | Geh:7    | Reached skill level 5 in Charms
111976 | Geh:7    | Got a scorched steel amulet
111978 | Geh:7    | Identified the amulet of Quinuyfe {Inacc rC+ Dex+3} (You
                  | found it on level 7 of Gehenna)
112107 | Geh:7    | Identified the +7 sceptre of Asmodeus
112107 | Geh:7    | Noticed Asmodeus
112123 | Geh:7    | Killed Asmodeus
112172 | Geh:7    | Got an obsidian rune of Zot
112352 | Geh:7    | Got a pitted granite ring
112356 | Geh:7    | Identified the ring "Rolep" {Int+5 SInv} (You found it on
                  | level 7 of Gehenna)
112488 | Tar:1    | Entered Level 1 of Tartarus
112931 | Tar:1    | Reached skill level 10 in Air Magic
114858 | Tar:6    | Reached skill level 15 in Air Magic
115300 | Tar:7    | Entered Level 7 of Tartarus
115477 | Tar:7    | Learned a level 9 spell: Tornado
116028 | Tar:7    | Cast into level 3 of the Abyss (a lich)
116050 | Tar:7    | Escaped the Abyss
116066 | Tar:7    | Identified the +1 chain mail "Benilihu" {Dex+4}
116072 | Tar:7    | Noticed the Serpent of Hell
116082 | Tar:7    | Killed the Serpent of Hell
116140 | Tar:7    | Noticed an ancient lich
116145 | Tar:7    | Killed an ancient lich
117027 | Tar:7    | Identified Sif Muna's Compendium of Sinister Cold
117480 | Tar:7    | Noticed Ereshkigal
117486 | Tar:7    | Killed Ereshkigal
117738 | Tar:7    | Got a bone rune of Zot
117923 | Dis:1    | Entered Level 1 of the Iron City of Dis
118827 | Pan      | Entered Pandemonium
119037 | Pan      | Noticed Vielun the pandemonium lord
119043 | Pan      | Killed Vielun the pandemonium lord
120687 | Pan      | Found an exit through the horrors of the Abyss.
120767 | Pan      | Entered the realm of Cerebov.
120904 | Pan      | Found an exit through the horrors of the Abyss.
121986 | Pan      | Identified the +6 sword of Cerebov {flame}
121986 | Pan      | Noticed Cerebov
122599 | Pan      | Killed from afar by Cerebov

Vault maps used:
D:1:      dpeg_arrival_signposts
D:2:      minmay_misc_feat_room, uniq_robin
D:3:      eat_drink_and_be_merry_uskayaw, nicolae_overflow_crystal_walls
D:4:      tso_metal_star, first_ration
D:5:      lemuel_crystal_altar, evilmike_ruin_ashenzari, lemuel_crystal_altar,
          grunt_temple_overflow_opulence
D:6:      minmay_temple_entry_glass, uniq_duvessa, uniq_blork_the_orc,
          uniq_prince_ribbit1
D:7:      grunt_temple_overflow_order_and_chaos_1, okawaru_metal_pillars_3,
          kennysheep_mini_moat, enter_bailey_2, uniq_crazy_yiuf_cottage
D:8:      nicolae_qazlal_style_of_elements, erik_lair_dragon, grunt_livestock,
          minmay_fire_ice_demons
D:9:      minmay_the_grid_triangle_9x9_rhombus_thin, uniq_joseph
D:10:     cheibrodos_frozen_isle, david_orc_1_choice, serial_bayou_lagoon_a,
          stair_cage_line, uniq_erica, uniq_josephine, uniq_psyche
D:11:     fedhas_bush_and_centaur_altar, uniq_maurice
D:12:     minmay_crystal_water, nicolae_dithmenos_shadow_blocks
D:13:     minmay_bad_star, david_vaults_2, serial_shops, shop
D:14:     trove_entry_hex_spiral, uniq_roxanne
D:15:     hangedman_depths_entry_try_elsewhere_first, serial_shops,
          nicolae_shop_trees, minmay_misc_feat_tiny, skrybe_limestone_x,
          uniq_agnes
Temple:   nicolae_temple_figure_zero
Lair:1:   basic_altar, minmay_stone_trees_large, dpeg_stationary_puzzle,
          uniq_harold, uniq_urug
Lair:2:   uniq_sonja
Lair:3:   guppyfry_snake_entry_island, st_stairs_9
Lair:4:   minmay_swamp_entry_worms
Lair:5:   minmay_slime_entry_pillars
Lair:6:   evil_forest
Swamp:1:  evilmike_swamp_ruin_house_3, swamp_pool1
Swamp:2:  nicolae_swamp_dense_foliage
Swamp:3:  gammafunk_its_a_trap, evilmike_swamp_ruin_rubble_2
Swamp:4:  swamp_alternative
Snake:1:  abandoned_shop, uniq_azrael
Snake:3:  uniq_kirke
Snake:4:  snake_pit, nicolae_snake_single_loop
Slime:2:  nicolae_slime_round_cave
Orc:1:    nicolae_orc_pool_cavern, uniq_gastronok, uniq_nergalle
Orc:2:    st_orc_rangers, serial_shops, shop, lab_entry_generic
Elf:1:    eino_elf_arrival_the_gate, ebering_ghost_reflecting_pool,
          evilmike_minifort, uniq_nikola
Elf:2:    serial_shops, nicolae_shop_overgrown_old_shop, spider_trap,
          lemuel_blue_sif_altar
Elf:3:    minmay_elf_hall_curves, serial_shops, shop,
          portal_ice_cave_entry_pillars_1
Vaults:1: v_pattern_1, v_misc_25, nicolae_vaults_little_squares_5,
          vaults_dpeg_hooks, grunt_vaults_hallway_short, ontoclasm_vaults_twist,
          grunt_vaults_focal, nicolae_vaults_ring_of_whatevers,
          vaults_mumra_minichess, ontoclasm_vaults_misaligned, serial_shops,
          shop_statue
Vaults:2: v_misc_8, vaults_room_boxed, minmay_guarded_unrand_guard_vaults,
          vaults_mumra_lcd, grunt_vaults_hallway_long, hangedman_vaults_hat,
          nicolae_vaults_circle_grid_a, hangedman_vaults_snaps,
          vaults_room_pool, v_rooms_6, nicolae_vaults_three_branches,
          vaults_room_grid, grunt_vaults_twisty, basic_altar
Vaults:3: st_lattice, v_alt_pattern_4, v_rooms_1, vaults_mumra_chevron,
          v_misc_16, v_misc_22, hangedman_vaults_maws, v_alt_pattern_4,
          minmay_crypt_entry_simple_round, grunt_vaults_funnel,
          vaults_standard_mumra_x, hangedman_vaults_slither,
          nicolae_vaults_little_ls, nicolae_vaults_yaktaur_gun_rack,
          ontoclasm_vaults_fault, serial_shops, bzr_entry_dummy, shop, shop,
          shop, uniq_margery
Vaults:4: v_pattern_4, grunt_vaults_bifocal, st_hourglassy,
          vaults_mumra_hexcomb, v_rooms_3, vaults_room_semicircle,
          nicolae_vaults_circle_grid_b, grunt_vaults_hallway_long,
          nicolae_vaults_network_star, hangedman_vaults_capsules,
          vaults_room_door_ring, nicolae_vaults_windows_and_doors_thing,
          vaults_room_grid
Vaults:5: serial_shops, uniq_boris
Crypt:1:  st_stairs_11, moated_statue
Crypt:3:  cryptofortress_bobbens
Tomb:1:   uniq_jory, uniq_khufu
Depths:1: hangedman_coc_ice_floe, serial_sigils, serial_sigils_hangedman_etch,
          serial_sigils_hangedman_scar, serial_sigils_hangedman_quiver,
          serial_sigils_hangedman_carve, serial_sigils_hangedman_snap,
          serial_sigils_hangedman_gut, serial_shops,
          nicolae_shop_temple_entry_statues_fountains, firewood_loft
Depths:2: minmay_three_patterns, serial_bayou, serial_bayou_lagoon_b,
          serial_bayou_crossing, serial_bayou_pond_c, serial_bayou_pond_a,
          hangedman_abyss_entry_splay, hell_entry, serial_shops,
          nicolae_shop_window_shopping, minmay_misc_feat_x,
          minmay_misc_feat_plants, st_stairs_7, uniq_asterion
Depths:3: grunt_x_marks_the_spot, hell_entry, rand_demon_pan_entry_3,
          infiniplex_staircase_pool_lava
Depths:4: gammafunk_the_bubble, enter_ziggurat_a, hell_entry,
          cheibriados_altar_1, marbit_kobold_abyss_entry, uniq_xtahua
Depths:5: evilmike_zot_entry_diamond, mu_enter_wizlab_7, rand_demon_pan_entry_4,
          roderic_lattice_a, pf_vacation_house_of_asmodeus,
          grunt_decor_one_mirror, st_stairs_6, uniq_enchantress, uniq_mennas
Geh:2:    lemuel_old_faithful
Geh:7:    geh_grunt
Coc:4:    lemuel_elevator
Coc:7:    coc_dpeg
Tar:7:    tar_grunt_cathedral
Zot:2:    evilmike_crystal_ball_defense, bh_zot_ikea_curve, stair_cage_cross
Zot:4:    lemuel_baited_zot_trap
Zot:5:    st_stairs_10, grunt_ministairs_10, nicolae_lava_and_water,
          lemuel_flame_loot_1
Abyss:3:  evilmike_abyss_rune_elephants_shrine, minivault_5,
          bh_silent_lugonu_exit
Pan:      nicolae_pan_diamonds, pan_blood_fountain_small, cerebov,
          nicolae_pan_mnolegish_1, pan_captured_pigsty
Lab:      labyrinth_spiral, lab_block, nicolae_lab_t_cross,
          nicolae_lab_very_dead_end, lab_statue, labyrinth_skeletal_remains,
          nicolae_lab_flowing_pool, labyrinth_glass_2, nicolae_lab_starburst,
          lab_hedge, nicolae_lab_diamond, labyrinth_fake_exit,
          nicolae_lab_stuck, nicolae_lab_do_over
Bazaar:   bazaar_kb_twisted_cavern
Trove:    trove_library
Bailey:   bailey_axe_minmay_hex_keep, bailey
IceCv:    ice_cave_caverns_02
WizLab:   wizlab_lehudib

Skill      XL: |  1  2  3  4  5  6  7  8  9 10 11 12 13 14 15 16 17 18 19 20 21 22 23 24 25 26 27 |
---------------+----------------------------------------------------------------------------------+-----
Conjurations   | 2 3 4 5 7 9 11 13 14 15 16 17 19 20 24 | 24.0
Spellcasting   | 4 5 6 8 9 11 12 14 15 16 18 20 21 24 25 26 27 | 27.0
Fire Magic     | 4 5 6 7 8 9 10 11 15 19 21 22 23 24 | 24.0
Fighting       | 3 5 7 8 9 11 12 13 15 16 17 20 | 20.7
Dodging        | 6 8 10 11 12 13 14 | 14.0
Air Magic      | 4 5 21 | 21.0
Evocations     | 4 7 8 18 | 18.0
Ice Magic      | 5 8 9 11 13 15 17 18 | 18.0
Shields        | 3 4 |  4.0
Earth Magic    | 7 10 21 | 21.1
Summonings     | 5 |  5.0
Translocations | 7 17 | 17.7
Armour         | 11 | 11.8
Charms         | 8 |  8.0
Stealth        | |  2.4

Action                   |  1- 3 |  4- 6 |  7- 9 | 10-12 | 13-15 | 16-18 | 19-21 | 22-24 | 25-27 || total
-------------------------+-------+-------+-------+-------+-------+-------+-------+-------+-------++-------
Melee: Unarmed           |    11 |       |       |       |       |       |       |       |       ||    11
       Spear             |    11 |       |       |       |       |       |       |       |       ||    11
       Hand axe          |       |       |    19 |    12 |    29 |       |       |       |       ||    60
       Staff             |       |       |       |       |     9 |     2 |     3 |     1 |    46 ||    61
Throw: Stone             |     2 |     1 |       |       |       |       |       |       |       ||     3
 Cast: Flame Tongue      |    61 |   110 |   229 |   219 |   138 |    15 |     8 |       |       ||   780
       Throw Flame       |     5 |    54 |    28 |    78 |   363 |   188 |    63 |    34 |    97 ||   910
       Conjure Flame     |       |     6 |     9 |    10 |    13 |     3 |       |       |       ||    41
       Sticky Flame      |       |     3 |    17 |    40 |    78 |    29 |    11 |    10 |   110 ||   298
       Fireball          |       |       |     8 |    46 |    44 |   219 |   192 |   330 |   789 ||  1628
       Venom Bolt        |       |       |       |    33 |   163 |    12 |     3 |       |       ||   211
       Airstrike         |       |       |       |       |   145 |    10 |    13 |       |    77 ||   245
       Freezing Cloud    |       |       |       |       |    32 |    36 |     1 |       |     8 ||    77
       Bolt of Cold      |       |       |       |       |       |   177 |   103 |    56 |    20 ||   356
       Ignition          |       |       |       |       |       |    24 |    36 |       |       ||    60
       Spellforged Servi |       |       |       |       |       |       |    17 |    17 |    20 ||    54
       Lehudib's Crystal |       |       |       |       |       |       |    22 |    59 |   872 ||   953
       Fire Storm        |       |       |       |       |       |       |    14 |    91 |   329 ||   434
       Orb of Destructio |       |       |       |       |       |       |     1 |    43 |   146 ||   190
       Glaciate          |       |       |       |       |       |       |       |       |   111 ||   111
       Regeneration      |       |       |       |       |       |       |       |       |    83 ||    83
       Shatter           |       |       |       |       |       |       |       |       |    71 ||    71
       Controlled Blink  |       |       |       |       |       |       |       |       |    17 ||    17
       Tornado           |       |       |       |       |       |       |       |       |    13 ||    13
 Abil: Blink             |       |       |       |     8 |     2 |       |       |       |    12 ||    22
Evoke: Wand              |       |       |    12 |     6 |     1 |    24 |    17 |    11 |    76 ||   147
       Staff of energy   |       |       |       |       |       |       |       |       |  1404 ||  1404
  Use: Scroll            |       |     1 |     7 |     9 |     9 |    11 |    17 |    11 |    32 ||    97
       Potion            |       |       |       |    14 |     2 |     1 |     3 |     4 |    31 ||    55
 Stab: Sleeping          |       |       |       |       |     1 |       |       |       |       ||     1
       Distracted        |       |       |       |       |       |       |       |       |     1 ||     1
  Eat: Chunk             |     3 |     9 |    15 |    20 |    36 |    23 |    21 |    30 |    32 ||   189
       Ration            |       |     1 |       |     2 |     5 |    11 |     6 |     6 |    53 ||    84
Armor: Robe              |    18 |     8 |    37 |    29 |    53 |    28 |    18 |    10 |    74 ||   275
       Acid dragon scale |       |       |       |       |       |       |       |       |   265 ||   265
Dodge: Dodged            |    33 |    22 |    67 |   101 |   236 |   109 |    95 |    99 |   698 ||  1460
       Deflected         |       |       |       |     2 |     4 |       |       |       |       ||     6
Block: Buckler           |       |       |       |       |    23 |    66 |    81 |    59 |   550 ||   779
       Reflection        |       |       |       |       |       |     8 |    29 |    25 |    17 ||    79

Table legend:
 A = Non-vault XP
 B = Vault XP
 C = Vault XP percentage of total XP
 D = Non-vault monster count
 E = Vault monster count
 F = Vault count percentage of total count
                 A         B        C        D         E       F
            +---------+---------+-------+---------+---------+-------
      Total | 1858867 | 1279681 |  40.8 |    3214 |    1245 |  27.9
            +---------+---------+-------+---------+---------+-------
        D:1 |      49 |       0 |   0.0 |      28 |       0 |   0.0
        D:2 |      93 |      38 |  29.0 |      20 |      13 |  39.4
        D:3 |     124 |       0 |   0.0 |      31 |       0 |   0.0
        D:4 |     207 |       0 |   0.0 |      19 |       0 |   0.0
        D:5 |    1076 |       0 |   0.0 |      30 |       0 |   0.0
        D:6 |    1718 |     602 |  25.9 |      16 |       4 |  20.0
        D:7 |     360 |      40 |  10.0 |      15 |       1 |   6.2
        D:8 |    1109 |    2358 |  68.0 |      31 |      14 |  31.1
        D:9 |     663 |    3161 |  82.7 |      18 |      20 |  52.6
       D:10 |    2188 |    6170 |  73.8 |      12 |      30 |  71.4
       D:11 |    5648 |     590 |   9.5 |      46 |       2 |   4.2
       D:12 |    3137 |       0 |   0.0 |      23 |       0 |   0.0
       D:13 |    3951 |   11351 |  74.2 |      27 |      18 |  40.0
       D:14 |   18426 |    1517 |   7.6 |      58 |       1 |   1.7
       D:15 |   16744 |    5903 |  26.1 |      38 |       5 |  11.6
     Lair:1 |    5733 |    2353 |  29.1 |      24 |       3 |  11.1
     Lair:2 |    8156 |     802 |   9.0 |      34 |       1 |   2.9
     Lair:3 |    3510 |     866 |  19.8 |      14 |       5 |  26.3
     Lair:4 |    6512 |     439 |   6.3 |      29 |       2 |   6.5
     Lair:5 |    4255 |     822 |  16.2 |      19 |       4 |  17.4
     Lair:6 |    8521 |    9271 |  52.1 |      37 |      26 |  41.3
    Swamp:1 |   16668 |       0 |   0.0 |      41 |       0 |   0.0
    Swamp:2 |    6677 |       0 |   0.0 |      21 |       0 |   0.0
    Swamp:3 |   10378 |    1675 |  13.9 |      21 |       5 |  19.2
    Swamp:4 |   14820 |   19076 |  56.3 |      30 |      26 |  46.4
    Snake:1 |   18103 |    2660 |  12.8 |      34 |       9 |  20.9
    Snake:2 |   18411 |       0 |   0.0 |      30 |       0 |   0.0
    Snake:3 |   13782 |    2167 |  13.6 |      24 |       1 |   4.0
    Snake:4 |   12037 |   31640 |  72.4 |      21 |      45 |  68.2
    Slime:1 |    8432 |       0 |   0.0 |       8 |       0 |   0.0
    Slime:2 |   28268 |   10793 |  27.6 |      26 |      11 |  29.7
    Slime:3 |   20945 |       0 |   0.0 |      35 |       0 |   0.0
    Slime:4 |   10837 |       0 |   0.0 |      16 |       0 |   0.0
    Slime:5 |   25759 |   30043 |  53.8 |      40 |      13 |  24.5
      Orc:1 |    2147 |    3225 |  60.0 |      17 |       2 |  10.5
      Orc:2 |    3569 |    4052 |  53.2 |      34 |      35 |  50.7
      Elf:1 |   25903 |    9259 |  26.3 |      45 |       6 |  11.8
      Elf:2 |   16819 |   20855 |  55.4 |      28 |      28 |  50.0
      Elf:3 |   20201 |   49713 |  71.1 |      33 |      35 |  51.5
   Vaults:1 |   35105 |   10393 |  22.8 |      69 |      14 |  16.9
   Vaults:2 |   39177 |   39807 |  50.4 |      61 |      55 |  47.4
   Vaults:3 |   24314 |   28897 |  54.3 |      33 |      28 |  45.9
   Vaults:4 |   20063 |   39768 |  66.5 |      35 |      43 |  55.1
   Vaults:5 |   24677 |  118931 |  82.8 |      44 |      89 |  66.9
    Crypt:1 |   21500 |    3513 |  14.0 |      50 |       4 |   7.4
    Crypt:2 |   18045 |       0 |   0.0 |      31 |       0 |   0.0
    Crypt:3 |       0 |   60750 | 100.0 |       0 |      90 | 100.0
     Tomb:1 |    2817 |   77825 |  96.5 |       5 |      36 |  87.8
   Depths:1 |   38224 |       0 |   0.0 |      66 |       0 |   0.0
   Depths:2 |   28890 |   34848 |  54.7 |      48 |      24 |  33.3
   Depths:3 |   18147 |   44034 |  70.8 |      19 |      39 |  67.2
   Depths:4 |   14431 |   33262 |  69.7 |      14 |      24 |  63.2
   Depths:5 |   43504 |   46243 |  51.5 |      44 |      27 |  38.0
       Hell |   29395 |   25847 |  46.8 |      37 |      35 |  48.6
      Dis:1 |    8038 |       0 |   0.0 |      20 |       0 |   0.0
      Geh:1 |   43554 |       0 |   0.0 |     100 |       0 |   0.0
      Geh:2 |   12783 |       0 |   0.0 |      37 |       0 |   0.0
      Geh:3 |   33567 |       0 |   0.0 |      74 |       0 |   0.0
      Geh:4 |   32111 |       0 |   0.0 |      64 |       0 |   0.0
      Geh:5 |   29824 |       0 |   0.0 |      56 |       0 |   0.0
      Geh:6 |   30062 |       0 |   0.0 |      71 |       0 |   0.0
      Geh:7 |   43571 |   56436 |  56.4 |      90 |      39 |  30.2
      Coc:1 |   58534 |       0 |   0.0 |      89 |       0 |   0.0
      Coc:2 |   15884 |       0 |   0.0 |      28 |       0 |   0.0
      Coc:3 |   25348 |       0 |   0.0 |      70 |       0 |   0.0
      Coc:4 |   21670 |     745 |   3.3 |      42 |       1 |   2.3
      Coc:5 |   33989 |       0 |   0.0 |      50 |       0 |   0.0
      Coc:6 |    6998 |       0 |   0.0 |      20 |       0 |   0.0
      Coc:7 |   61227 |   58848 |  49.0 |      80 |      24 |  23.1
      Tar:1 |   40815 |       0 |   0.0 |      69 |       0 |   0.0
      Tar:2 |    9332 |       0 |   0.0 |      16 |       0 |   0.0
      Tar:3 |   15230 |       0 |   0.0 |      31 |       0 |   0.0
      Tar:4 |   32493 |       0 |   0.0 |      47 |       0 |   0.0
      Tar:5 |   28632 |       0 |   0.0 |      38 |       0 |   0.0
      Tar:6 |   77300 |       0 |   0.0 |      66 |       0 |   0.0
      Tar:7 |  105608 |  120759 |  53.3 |     142 |      70 |  33.0
      Zot:1 |   50399 |       0 |   0.0 |      29 |       0 |   0.0
      Zot:2 |   85748 |    4733 |   5.2 |      44 |       8 |  15.4
      Zot:3 |   58476 |       0 |   0.0 |      38 |       0 |   0.0
      Zot:4 |   39218 |       0 |   0.0 |      28 |       0 |   0.0
      Zot:5 |   40327 |  138730 |  77.5 |      18 |      43 |  70.5
        Pan |   93904 |   25915 |  21.6 |     128 |      21 |  14.1
        Lab |       0 |    3355 | 100.0 |       0 |       8 | 100.0
     Bailey |       0 |     892 | 100.0 |       0 |      55 | 100.0
      IceCv |       0 |    8659 | 100.0 |       0 |      52 | 100.0
     WizLab |       0 |   65050 | 100.0 |       0 |      51 | 100.0
            +---------+---------+-------+---------+---------+-------
